Map: Disco Bloodbath LE

Players

Dark - Winner!

  • Race: Zerg Zerg
  • Spawn Location: 3:00

Maru

  • Race: Terran Terran
  • Spawn Location: 9:00

Event: 2019 WCS Global FInals

VOD

Have the link to the VOD?

Description

Time

  • Played on: Nov. 1, 2019, 7:57 p.m.
  • Length: 8:20

All games in this series

Show
View Real Time Build Order
Export as new Build Order

Dark Zerg - Winner!

Build Orders: Hatch First, Muta Ling Bane 

Get SALT Encoding   

  12  0:00  Drone  
  13  0:12  Overlord  
  13  0:17  Drone  
  14  0:30  Drone x2  
  16  0:47  Hatchery  
  15  0:51  Drone  
  15  0:54  Drone  
  17  0:57  Drone  
  18  1:08  Extractor  
  17  1:12  Spawning Pool  
  17  1:16  Drone  
  17  1:20  Drone  
  18  1:28  Drone  
  19  1:41  Drone  
  20  1:51  Drone  
  21  2:00  Queen x2  
  25  2:02  Zergling x2  
  25  2:06  Drone  
  27  2:13  Overlord  
  27  2:14  Drone  
  28  2:33  Drone  
  28  2:35  Drone x3  
  31  2:39  Queen  
  31  2:42  Hatchery  
  32  2:44  Metabolic Boost  
  32  2:49  Overlord  
  32  2:52  Drone  
  32  2:54  Drone  
  32  2:56  Drone  
  35  3:07  Overlord  
  35  3:08  Drone  
  36  3:13  Drone x3  
  36  3:15  Queen  
  36  3:18  Drone x2  
  43  3:28  Zergling x2  
  43  3:33  Queen  
  46  3:35  Overlord  
  46  3:37  Drone  
  46  3:39  Extractor  
  46  3:42  Drone  
  46  3:46  Zergling x6  
  50  3:49  Drone x2  
  50  3:51  Overlord  
  50  3:54  Queen  
  54  3:56  Drone x2  
  54  3:58  Queen  
  58  4:05  Drone x3  
  58  4:09  Lair  
  61  4:11  Drone  
  61  4:13  Drone  
  61  4:14  Drone  
  61  4:16  Drone  
  65  4:17  Drone  
  65  4:20  Spore Crawler  
  65  4:22  Baneling Nest  
  64  4:25  Spore Crawler  
  64  4:26  Drone  
  64  4:28  Drone  
  64  4:29  Drone  
  66  4:36  Drone x4  
  66  4:37  Drone  
  66  4:38  Drone  
  72  4:47  Extractor, Zergling x4  
  72  4:48  Overlord, Zergling x2  
  72  4:49  Extractor  
  72  4:51  Overlord  
  73  4:54  Overlord  
  73  4:56  Drone  
  73  4:57  Overlord  
  74  5:02  Overlord  
  74  5:05  Overlord  
  74  5:06  Overseer  
  74  5:08  Drone x5  
  79  5:15  Centrifical Hooks  
  79  5:19  Drone x5  
  79  5:20  Drone  
  85  5:24  Zergling x6  
  85  5:26  Drone  
  89  5:31  Spire  
  89  5:33  Drone  
  89  5:35  Drone  
  90  5:39  Spore Crawler  
  90  5:40  Drone x2  
  90  5:41  Drone x2  
  90  5:42  Drone  
  94  5:47  Drone x3  
  94  5:54  Drone x2  
  92  6:05  Drone x2  
  92  6:08  Drone  
  92  6:09  Drone x3  
  92  6:10  Drone x2  
  98  6:15  Evolution Chamber, Extractor  
  98  6:16  Evolution Chamber, Extractor  
  94  6:25  Hatchery  
  93  6:27  Drone  
  93  6:31  Hatchery  
  93  6:38  Overlord  
  93  6:44  Mutalisk x9  
  93  6:45  Zergling x2  
  93  6:46  Zergling x8  
  116  6:48  Baneling x4  
  116  6:49  Baneling  
  116  6:53  Baneling x2  
  116  6:59  Baneling x3, Zergling x6  
  117  7:02  Zergling x10  
  117  7:04  Overlord  
  112  7:20  Mutalisk x3  
  113  7:27  Zergling x12  
  119  7:31  Mutalisk  
  119  7:32  Overlord x2  
  119  7:33  Drone  
  122  7:37  Overlord  
  122  7:41  Overlord  
  122  7:42  Drone x2  
  121  7:49  Drone  
  121  7:52  Mutalisk x2  
  121  7:54  Mutalisk  
  128  8:07  Drone x10  
Show
View Real Time Build Order
Export as new Build Order

Maru Terran 

Build Orders: Hellion Banshee 

Get SALT Encoding   

  12  0:00  SCV  
  13  0:12  SCV  
  14  0:16  Supply Depot  
  14  0:24  SCV  
  15  0:38  Barracks, SCV  
  16  0:42  Refinery  
  16  0:50  SCV  
  17  1:02  SCV  
  18  1:14  SCV  
  20  1:25  Reaper  
  20  1:26  Orbital Command  
  20  1:39  Command Center  
  20  1:52  SCV  
  21  1:54  Supply Depot  
  21  1:57  Marine  
  22  2:04  SCV  
  22  2:07  Factory  
  23  2:16  SCV, Refinery  
  23  2:21  Engineering Bay  
  24  2:25  Barracks Reactor  
  24  2:28  SCV  
  25  2:40  SCV  
  26  2:51  Orbital Command  
  26  2:52  SCV  
  26  2:54  Starport  
  27  3:04  SCV  
  27  3:05  Hellion x2  
  32  3:08  Barracks Tech Lab  
  32  3:16  SCV  
  32  3:17  SCV  
  34  3:21  Supply Depot  
  34  3:27  Hellion  
  34  3:28  SCV  
  34  3:29  SCV, Hellion  
  40  3:35  Cloaking Field  
  40  3:38  Banshee  
  40  3:40  SCV  
  40  3:41  SCV  
  45  3:42  Barracks Tech Lab  
  45  3:45  Supply Depot  
  45  3:53  Hellion x2  
  49  3:57  SCV x2  
  49  4:01  Stimpack  
  51  4:09  SCV  
  53  4:10  SCV  
  53  4:16  Command Center  
  53  4:22  SCV x2  
  53  4:23  Supply Depot  
  55  4:26  Banshee  
  55  4:30  Marine  
  59  4:34  SCV x2  
  61  4:40  Barracks  
  61  4:42  Barracks, Factory Reactor  
  61  4:46  SCV x2  
  63  4:53  Engineering Bay  
  63  4:57  Engineering Bay, Marine  
  63  4:58  SCV x2  
  66  5:02  Refinery  
  66  5:05  Refinery  
  66  5:10  SCV x2  
  68  5:16  Marine, Supply Depot  
  68  5:19  Starport Reactor  
  69  5:22  SCV  
  69  5:24  Terran Infantry Weapons Level 1, Terran Infantry Armor Level 1  
  69  5:28  SCV  
  71  5:34  SCV  
  71  5:35  Marine x5  
  76  5:36  Siege Tank  
  76  5:40  SCV  
  76  5:41  Orbital Command  
  81  5:46  SCV  
  82  5:52  Marine, SCV  
  82  5:53  Marine x2  
  82  5:55  Combat Shield  
  82  5:56  Medivac  
  85  5:57  Medivac  
  85  5:58  SCV  
  85  5:59  Marine  
  85  6:01  Supply Depot  
  90  6:04  SCV  
  90  6:11  Marine x3  
  90  6:13  Orbital Command  
  90  6:17  Supply Depot x2  
  93  6:22  Marine  
  93  6:23  SCV x2, Siege Tank  
  99  6:31  Medivac  
  101  6:38  Medivac, Marine x3, SCV x2  
  108  6:42  SCV  
  109  6:47  Supply Depot  
  109  6:48  Supply Depot  
  109  6:50  Barracks x2  
  109  6:53  SCV  
  110  6:56  SCV  
  110  6:57  Marine  
  110  7:00  Siege Tank  
  116  7:01  SCV  
  116  7:04  Supply Depot  
  116  7:05  Armory, SCV  
  117  7:09  SCV  
  117  7:15  Marine x3  
  102  7:16  Marine  
  102  7:18  Medivac  
  102  7:21  Marine  
  97  7:32  Medivac, Siege Tank  
  97  7:33  Marine x3  
  97  7:34  Marine  
  99  7:39  Marine  
  95  7:48  Medivac  
  95  7:51  Marine x3  
  88  7:52  Marine  
  88  7:53  SCV  
  88  7:55  Barracks Reactor x2  
  88  7:57  Marine  
  88  8:06  Missile Turret  
  88  8:09  Missile Turret  
Tags
 
Add a new tag
Caveats
  • Supply blocks, unpowered buildings, or Contaminate may cause inaccurate times.
  • Supply counts are checked every 10 seconds.